Map: Dreamcatcher LE

Players

Swatopluke

  • Race: Protoss Protoss
  • League: Platinum
  • Spawn Location: 5:00

Misha - Winner!

  • Race: Zerg Zerg
  • League: Platinum
  • Spawn Location: 11:00

VOD

Have the link to the VOD?

Description

Time

  • Played on: Nov. 14, 2018, 10:45 a.m.
  • Length: 14:52
Show
View Real Time Build Order
Export as new Build Order

Swatopluke Protoss 

Build Orders: Mass Adepts 

Get SALT Encoding   

  12  0:01  Probe  
  13  0:13  Probe  
  14  0:18  Pylon  
  14  0:25  Probe  
  15  0:34  Probe  
  15  0:36  Gateway  
  15  0:42  Probe  
  17  0:52  Probe  
  17  0:56  Assimilator  
  18  1:04  Probe  
  18  1:05  Gateway  
  19  1:12  Pylon  
  19  1:16  Probe  
  20  1:25  Cybernetics Core  
  20  1:29  Probe  
  21  1:33  Assimilator  
  21  1:41  Probe  
  22  1:53  Probe  
  23  1:57  Warp Gate  
  23  2:01  Adept x2  
  23  2:06  Probe  
  28  2:19  Twilight Council  
  28  2:28  Adept  
  30  2:35  Probe, Pylon  
  31  2:40  Pylon  
  31  2:45  Resonating Glaives  
  31  2:53  Adept  
  33  3:02  Probe  
  33  3:04  Adept  
  36  3:08  Gateway  
  36  3:14  Probe  
  37  3:27  Probe  
  38  3:35  Nexus  
  38  3:39  Probe  
  39  3:45  Shield Battery  
  37  3:55  Probe  
  30  4:04  Adept x2  
  30  4:07  Probe  
  32  4:19  Probe  
  32  4:21  Adept  
  30  4:27  Pylon  
  30  4:29  Adept  
  31  4:39  Nexus  
  31  4:42  Charge  
  31  4:43  Adept  
  29  4:45  Adept  
  29  4:48  Probe  
  29  4:51  Adept  
  29  5:03  Adept  
  31  5:07  Adept  
  31  5:12  Adept  
  35  5:21  Probe  
  35  5:25  Adept  
  38  5:35  Pylon  
  38  5:36  Pylon  
  38  5:42  Dark Shrine  
  38  5:43  Probe  
  39  5:57  Adept x3  
  45  6:26  Probe  
  45  6:28  Adept x2  
  45  6:29  Adept  
  52  6:38  Probe  
  53  6:45  Shadow Stride  
  53  6:50  Probe  
  54  6:57  Pylon x2  
  54  7:18  Dark Templar x3  
  60  7:51  Shield Battery  
  60  7:54  Probe, Shield Battery  
  61  8:04  Shield Battery  
  61  8:06  Probe  
  60  8:36  Dark Templar x2  
  60  8:37  Dark Templar  
  66  9:10  Archon  
  66  9:16  Adept x2  
  66  9:17  Adept  
  66  9:22  Probe  
  67  9:28  Archon  
  67  9:34  Probe  
  67  9:36  Nexus  
  68  9:39  Adept  
  70  9:46  Probe  
  70  9:51  Pylon  
  70  9:52  Pylon  
  71  10:09  Probe  
  71  10:12  Shield Battery x2  
  71  10:13  Shield Battery  
  72  10:17  Shield Battery  
  72  10:20  Dark Templar  
  72  10:21  Probe  
  73  10:34  Probe, Assimilator  
  74  10:46  Probe  
  74  10:47  Dark Templar  
  74  10:49  Probe  
  78  10:58  Probe  
  78  11:00  Zealot x2  
  78  11:01  Probe  
  84  11:10  Probe  
  85  11:24  Zealot x3  
  85  11:25  Probe x2  
  93  11:29  Assimilator  
  91  11:53  Adept x2  
  91  11:54  Adept  
  79  12:06  Probe x2  
  81  12:14  Adept x3  
  87  12:38  Probe x2  
  87  12:39  Dark Templar x3  
  95  12:46  Nexus  
  51  13:07  Probe  
  51  13:12  Zealot x3  
  44  13:40  Dark Templar x3  
Show
View Real Time Build Order
Export as new Build Order

Misha Zerg - Winner!

Build Orders: Hatch First 

Get SALT Encoding   

  12  0:11  Drone x2  
  14  0:18  Overlord  
  14  0:22  Extractor  
  14  0:24  Drone  
  15  0:36  Drone  
  16  0:53  Hatchery, Drone  
  16  0:58  Drone  
  17  1:05  Extractor, Drone  
  17  1:16  Drone  
  18  1:22  Spawning Pool  
  17  1:30  Drone  
  18  1:48  Hatchery  
  18  1:51  Drone  
  18  1:54  Drone  
  19  2:02  Drone  
  20  2:12  Zergling x2  
  20  2:13  Zergling x2  
  22  2:16  Metabolic Boost  
  22  2:20  Zergling x2  
  22  2:21  Zergling x2  
  24  2:30  Zergling x2  
  24  2:35  Overlord  
  25  2:39  Zergling x2  
  24  2:57  Zergling x4  
  24  2:58  Zergling x2  
  26  3:01  Zergling x4  
  28  3:05  Zergling x2  
  29  3:13  Zergling x4  
  29  3:19  Hatchery  
  30  3:25  Zergling x2  
  30  3:26  Zergling x6  
  34  3:35  Zergling x6  
  32  4:03  Zergling x12  
  32  4:09  Queen  
  38  4:11  Queen  
  38  4:12  Overlord  
  38  4:13  Overlord  
  32  4:53  Drone x3  
  32  4:54  Drone x9  
  44  5:06  Zergling x8  
  48  5:17  Extractor  
  48  5:20  Extractor  
  47  5:21  Drone x2  
  47  5:22  Drone x2  
  47  5:27  Extractor  
  49  5:38  Drone x3  
  49  5:40  Drone x3  
  49  5:42  Drone x3  
  58  5:43  Drone x3  
  61  5:54  Roach Warren  
  60  6:01  Evolution Chamber  
  60  6:03  Evolution Chamber  
  58  6:05  Overlord x2  
  58  6:06  Overlord  
  58  6:14  Drone  
  58  6:15  Drone  
  60  6:24  Zergling x2  
  60  6:25  Zergling x10  
  65  6:32  Lair  
  65  6:33  Drone  
  65  6:34  Drone x9  
  65  6:37  Overlord  
  75  6:40  Overlord  
  75  6:55  Roach  
  75  6:56  Roach x5  
  75  6:58  Roach  
  89  7:02  Roach  
  89  7:03  Roach  
  93  7:16  Zerg Missile Weapons Level 1, Zerg Ground Armor Level 1  
  93  7:23  Drone x4  
  93  7:24  Roach  
  93  7:25  Roach x2  
  93  7:26  Overlord  
  93  7:27  Overlord x2  
  93  7:29  Overlord  
  103  7:46  Roach  
  103  7:47  Roach x8  
  103  7:48  Roach  
  103  7:50  Roach  
  117  8:12  Overseer  
  85  8:43  Zergling x12  
  85  8:44  Zergling x4  
  68  9:22  Drone x2  
  68  9:23  Drone x2  
  72  9:25  Drone x2  
  72  9:26  Drone  
  72  9:27  Drone  
  72  9:29  Drone x4  
  72  9:30  Drone x2  
  82  9:39  Roach x3  
  88  9:47  Zerg Missile Weapons Level 2, Zerg Ground Armor Level 2  
  88  10:03  Hatchery, Hydralisk Den  
  78  10:22  Drone x5  
  78  10:23  Drone x5  
  88  10:28  Drone  
  88  10:29  Drone  
  90  10:44  Drone  
  90  10:45  Drone x3  
  90  10:46  Drone  
  90  10:48  Drone  
  96  10:52  Hydralisk  
  98  10:57  Hydralisk  
  100  11:14  Hydralisk x4  
  100  11:15  Hydralisk  
  110  11:23  Grooved Spines  
  110  11:26  Glial Reconstitution  
  110  11:33  Spore Crawler  
  110  11:39  Spine Crawler  
  102  11:42  Roach  
  102  11:43  Roach x3  
  97  12:03  Drone  
  97  12:04  Drone x8  
  97  12:05  Drone  
  107  12:14  Drone x3  
  110  12:19  Spine Crawler  
  110  12:21  Drone  
  110  12:35  Muscular Augments  
  106  13:03  Roach x5  
  106  13:04  Roach x10  
  124  13:40  Drone x3  
  124  13:41  Drone x6  
  129  13:42  Drone, Overlord  
  129  13:43  Overlord x4  
  132  14:20  Spore Crawler  
  132  14:23  Spine Crawler  
  130  14:29  Spine Crawler  
  122  14:36  Spine Crawler  
Tags
 
Composition
Mass Adepts
Matchup
PvZ
Replay Pack
Swatopluke
Spawn Locations
Cross Positions
Add a new tag
Caveats
  • Supply blocks, unpowered buildings, or Contaminate may cause inaccurate times.
  • Supply counts are checked every 10 seconds.